 Dungeon Crawl Stone Soup version 0.21-a0-633-g4c047d5 (webtiles) character file.

50 Lanoc the Ducker (level 3, -6/16 HPs)
             Began as a Felid Transmuter on Dec 29, 2017.
             Was an Initiate of Qazlal.
             Shot with an arrow by a centaur (7 damage)
             ... on level 3 of the Dungeon.
             The game lasted 00:05:14 (2261 turns).

Lanoc the Ducker (Felid Transmuter)                 Turns: 2261, Time: 00:05:14

Health: -6/16      AC:  2    Str:  6    XL:     3   Next: 55%
Magic:  4/7        EV: 22    Int: 15    God:    Qazlal [......]
Gold:   104        SH:  0    Dex: 21    Spells: 1/7 levels left
                                        Lives:  0   Deaths: 1

rFire    . . .     SeeInvis +     - Unarmed
rCold    . . .     Gourm    .   (shield unavailable)
rNeg     . . .     Faith    .   (armour unavailable)
rPois    x         Spirit   .   (helmet unavailable)
rElec    .         Reflect  .   (cloak unavailable)
rCorr    .         Harm     .   (gloves unavailable)
MR       .....                  (boots unavailable)
Stlth    ++........             (no amulet)
HPRegen  0.05/turn              (no ring)
MPRegen  0.10/turn              (no ring)

@: spider-form (expiring)
A: tiny, no armour, no weapons or thrown items, stealth, see invisible,
carnivore, slow metabolism 1
a: End Transformation, Renounce Religion


You were on level 3 of the Dungeon.
You worshipped Qazlal.
Qazlal was noncommittal.
You were not hungry.
You were a venomous arachnid creature.
You visited 1 branch of the dungeon, and saw 3 of its levels.

You collected 104 gold pieces.

Inventory:

Missiles
 a - 31 arrows
Wands
 q - a wand of paralysis (9)
Scrolls
 e - 3 scrolls of remove curse {unknown}
 h - a scroll of noise {unknown}
 j - 2 scrolls of teleportation {unknown}
 k - a scroll of fear {unknown}
 m - 2 scrolls of identify {unknown}
 n - a scroll of enchant armour {unknown}
 o - a scroll of random uselessness {unknown}
 s - 2 scrolls of amnesia {unknown}
 u - 2 scrolls of magic mapping {unknown}
Potions
 d - 2 potions of curing
 f - a potion of haste {unknown}
 i - a potion of berserk rage {unknown}
 l - a potion of ambrosia {unknown}
 p - a potion of lignification {unknown}
 r - a potion of agility {unknown}
Books
 b - a book of Changes

   Spells                             Type                      Level
   a - Beastly Appendage              Transmutation                1
   b - Sticks to Snakes               Transmutation                2
   c - Spider Form                    Transmutation/Poison         3
   d - Ice Form                       Ice/Transmutation            4
   e - Blade Hands                    Transmutation                5
 t - a book of Cantrips

   Spells                             Type                      Level
   a - Confusing Touch                Hexes                        1
   b - Animate Skeleton               Necromancy                   1
   c - Summon Small Mammal            Summoning                    1
   d - Apportation                    Translocation                1
Comestibles
 c - 4 rations
 g - a chunk of flesh


   Skills:
 + Level 2.1 Fighting
 + Level 3.6 Dodging
 + Level 3.5 Unarmed Combat
 + Level 2.6 Spellcasting
 + Level 3.0 Transmutations
 + Level 0.3 Invocations


You had one spell level left.
You knew the following spells:

 Your Spells              Type           Power        Failure   Level  Hunger
a - Beastly Appendage     Tmut           ##....       17%         1    #......
b - Sticks to Snakes      Tmut           ##......     22%         2    ###....
c - Spider Form           Tmut/Pois      #.........   54%         3    ###....


Dungeon Overview and Level Annotations

Branches:
Dungeon (3/15)

Altars:
Okawaru
Qazlal
The Shining One


Innate Abilities, Weirdness & Mutations

You cannot wear armour.
You are incapable of wielding weapons or throwing items.
Your paws allow you to move quietly. (Stealth)
((You have sharp claws.))
((You have razor-sharp teeth.))
You have supernaturally acute eyesight. (SInv)
You are carnivorous and can eat meat at any time.
((You cover ground quickly.))
((You are covered in fur. (AC +1)))
You have a slow metabolism.
((Your sharp claws are effective at attacking unaware monsters.))


Message History

The orc hits you with a flail!
Ouch! That really hurt!
You die...
You are now level 3!
You rejoin the land of the living...
A centaur comes into view.
Found a stone staircase leading down.
Qazlal accepts your kill.
You feel a bit more experienced.
The centaur wields a shortbow.
The centaur shoots an arrow.
The arrow hits you!
Ouch! That really hurt!
* * * LOW HITPOINT WARNING * * *
You see here an arrow.
Okay, then.
Casting: Spider Form
Confirm with . or Enter, or press ? or * to list all spells.
You turn into a venomous arachnid creature.
Your transformation is almost over.
The centaur shoots an arrow.
The arrow hits you!
You die...

...?
.......#
....#
#).....o.
...#
##........#
...'
......###...
.c##......
#o#. .>.'.
#+ #..#
#.##..#
#...s.#
#.###....#
#. .##.# #.
.# # #. ..
#. .# #. .#
## #. ## .#


You could see a centaur.

Vanquished Creatures
  4 adders
  4 oozes
  3 worms (D:2)
  A leopard gecko (D:1)
  2 orcs (D:3)
  7 bats
  5 giant cockroaches
  4 goblins
  2 hobgoblins (D:2)
  A quokka (D:2)
  A frilled lizard (D:2)
  4 kobolds
  6 rats (D:1)
44 creatures vanquished.

Notes
Turn   | Place    | Note
-------+----------+-------------------------------------------
     0 | D:1      | Lanoc the Felid Transmuter began the quest for the Orb.
     0 | D:1      | Reached XP level 1. HP: 9/9 MP: 4/4
   420 | D:1      | Reached XP level 2. HP: 12/12 MP: 4/6
   965 | D:1      | Reached XP level 3. HP: 15/15 MP: 5/7
   969 | D:1      | Learned a level 2 spell: Sticks to Snakes
   973 | D:1      | Learned a level 3 spell: Spider Form
  1671 | D:2      | Reached XP level 4. HP: 13/19 MP: 5/8
  1860 | D:2      | Found a glowing golden altar of the Shining One.
  1899 | D:2      | Found a stormy altar of Qazlal.
  1930 | D:2      | Became a worshipper of Qazlal Stormbringer
  2209 | D:3      | Found an iron altar of Okawaru.
  2258 | D:3      | Slain by an orc
  2259 | D:3      | Reached XP level 3. HP: -2/16 MP: 6/7
  2259 | D:3      | Noticed a centaur
  2261 | D:3      | Shot with an arrow by a centaur

Vault maps used:
D:1:      onia_arrival_mini_maze
D:2:      grunt_qazlal_clouds, lemuel_doored_altar
D:3:      overflow_temple_1_default, first_ration

Skill      XL: |  1  2  3  4 |
---------------+-------------+-----
Dodging        | 3 |  3.6
Fighting       | 2 |  2.1
Transmutations | 3 |  3.0
Unarmed Combat | |  3.5
Spellcasting   | |  2.6
Invocations    | |  0.3

Action                   |  1- 3 |  4- 6 || total
-------------------------+-------+-------++-------
Melee: Unarmed           |    82 |    31 ||   113
       Headbutt          |     9 |       ||     9
       Bite              |     2 |     1 ||     3
       Punch             |     1 |       ||     1
 Cast: Beastly Appendage |    15 |     1 ||    16
       Spider Form       |    11 |     6 ||    17
  Use: Potion            |     1 |       ||     1
 Stab: Sleeping          |     3 |       ||     3
  Eat: Chunk             |    10 |     2 ||    12
Armor: Skin              |     2 |     4 ||     6
Dodge: Dodged            |    62 |    42 ||   104

Table legend:
 A = Spawn XP
 B = Non-spawn XP
 C = Spawn XP percentage of total XP
 D = Spawn monster count
 E = Non-spawn monster count
 F = Spawn count percentage of total count
 G = Total turns spent on level
                    A         B        C        D         E        F      G
               +---------+---------+-------+---------+---------+-------+---------
         Total |       0 |     151 |   0.0 |       0 |      44 |   0.0 |  2261
               +---------+---------+-------+---------+---------+-------+---------
           D:1 |       0 |      44 |   0.0 |       0 |      19 |   0.0 |  1440
           D:2 |       0 |      64 |   0.0 |       0 |      18 |   0.0 |   651
           D:3 |       0 |      43 |   0.0 |       0 |       7 |   0.0 |   170
               +---------+---------+-------+---------+---------+-------+---------
